 Dungeon Crawl Stone Soup version 0.28-a0-1087-gf3fc490d9d (webtiles) character file.

Game seed: 10712750211121656679

35 ytrimaz the Insei (level 3, -1/23 HPs)
             Began as an Octopode Transmuter on Dec 10, 2021.
             Frozen to death by an endoplasm (2 damage)
             ... on level 3 of the Dungeon.
             The game lasted 00:01:55 (2663 turns).

ytrimaz the Insei (Octopode Transmuter)             Turns: 2663, Time: 00:01:56

Health: -1/23      AC:  1    Str:  9    XL:     3   Next: 35%
Magic:  5/6        EV: 13    Int: 17    God:
Gold:   928        SH:  5    Dex: 12    Spells: 0/6 levels left

rFire   . . .      SeeInvis .     - Unarmed
rCold   . . .      Faith    .   (no shield)
rNeg    . . .      Spirit   .   (helmet restricted)
rPois   .          Reflect  +   b - amulet of reflection
rElec   .          Harm     .   (no ring)
rCorr   .          Rampage  .   (no ring)
Will    .....                   (no ring)
Stlth   ++........              (no ring)
HPRegen 0.07/turn               (no ring)
MPRegen 0.10/turn               (no ring)
                                (no ring)
                                (no ring)

@: lethally poisoned (-1 -> -6)
A: almost no armour, amphibious, 8 rings, camouflage 1, gelatinous body 1,
(nimble swimmer 1), tentacles
a: no special abilities


You were on level 3 of the Dungeon.
You visited 1 branch of the dungeon, and saw 3 of its levels.

You collected 928 gold pieces.

Inventory:

Jewellery
 b - an amulet of reflection (around mantle)
Scrolls
 d - a scroll of noise {unknown}
 e - a scroll of fear {unknown}
Potions
 a - a potion of cancellation
 c - a potion of might {unknown}


   Skills:
 * Level 1.6 Fighting
 - Level 2.0 Dodging
 + Level 3.5 Unarmed Combat
 * Level 2.3 Spellcasting
 * Level 2.3 Transmutations


You couldn't memorise any spells.
You knew the following spells:

 Your Spells              Type           Power      Damage    Failure   Level
a - Beastly Appendage     Tmut           20%        N/A       7%          1
b - Wereblood             Tmut           10%        N/A       11%         2
c - Spider Form           Tmut/Pois      6%         N/A       34%         3

Your spell library contained the following spells:

 Spells                   Type           Power      Damage    Failure   Level
 Slow                     Hex            4%         N/A       19%         1
 Confusing Touch          Hex            1%         N/A       50%         3
 Ice Form                 Ice/Tmut       6%         N/A       75%         4
 Yara's Violent Unravell  Hex/Tmut       3%         3d4       97%         5


Dungeon Overview and Level Annotations

Branches:
Dungeon (3/15)

Altars:


Innate Abilities, Weirdness & Mutations

You cannot wear most types of armour.
You are amphibious.
You can wear up to eight rings at the same time.
Your skin changes colour to match your surroundings (Stealth+).
Your rubbery body absorbs attacks. (AC +1, EV +1)
((You are camouflaged near water. (Stealth+)))
You have tentacles for arms and can constrict up to eight enemies at once.


Message History

The adder bites you.
You tentacle-slap the adder. Your grab misses the adder.
Your squeeze misses the adder.
The adder is moderately wounded.
The adder bites you.
You are poisoned.
The adder poisons you!
You tentacle-slap the adder but do no damage.
Your grab misses the adder.
Your tentacle-slap misses the adder.
The adder is moderately wounded.
You feel sick. The adder misses you. The endoplasm misses you.
You tentacle-slap the adder but do no damage.
Your grab misses the adder. Your squeeze misses the adder.
The adder is moderately wounded.
You feel sick. The adder bites you. The endoplasm closely misses you.
The adder completely misses you.
Unknown command.
You tentacle-slap the adder but do no damage.
You grab the adder.
The adder is lightly wounded.
You constrict the adder.
You feel sick. The endoplasm freezes you.
You are frozen.
The adder completely misses you. You block the goblin's attack.
Your magical contamination has completely faded away.
You tentacle-slap the adder. x2
The adder is severely wounded.
You constrict the adder.
You feel sick. The adder misses you. The endoplasm misses you.
You block the goblin's attack.
Unknown command.
You barely miss the adder. You squeeze the adder.
The adder is severely wounded.
You constrict the adder.
You feel sick.
You are no longer poisoned.
The adder bites you.
* * * LOW HITPOINT WARNING * * *
You are lethally poisoned!
The adder poisons you! The endoplasm freezes you.
You are frozen.
You die...

#.# #.#......#
#.###+#......#
#..............
#.........##.##
#.....?...# #
#.....#+###
####..#.####
####.........
#.@J....#####
#Sg.....#
..........#
...##.......#
... #.......#
+. +.......# #
#.......#
####.####


You could see an adder, an endoplasm and a goblin.

Vanquished Creatures
  A worm (D:3)
  A dart slug (D:1)
  6 bats
  4 endoplasms
  3 giant cockroaches
  3 goblins
  3 kobolds (D:2)
  A quokka (D:2)
  2 ball pythons
  3 frilled lizards
  A rat (D:2)
28 creatures vanquished.

Vanquished Creatures (others)
  A plant (D:2)
1 creature vanquished.

Grand Total: 29 creatures vanquished

Notes
Turn   | Place    | Note
-------+----------+-------------------------------------------
     0 | D:1      | ytrimaz the Octopode Transmuter began the quest for the
                  | Orb.
     0 | D:1      | Reached XP level 1. HP: 13/13 MP: 3/3
    68 | D:1      | Found a faded altar of an unknown god.
   247 | D:1      | Identified a scroll of acquirement
   251 | D:1      | Reached XP level 2. HP: 16/18 MP: 5/5
   252 | D:1      | Acquired 880 gold pieces
  1341 | D:2      | Learned a level 2 spell: Wereblood
  1350 | D:2      | Reached XP level 3. HP: 23/23 MP: 6/6
  1354 | D:2      | Learned a level 3 spell: Spider Form
  2173 | D:3      | HP: 1/23 [gnoll (2)]
  2663 | D:3      | HP: 1/23 [adder (4)]
  2663 | D:3      | Frozen to death by an endoplasm

Illustrated notes

Levels and vault maps discovered:
D:1:      wheals_arrival_linesprint, layout_basic,
          ebering_ecumenical_altar_petrified
D:2:      layout_loops_cross, serial_forest, infiniplex_forest_clump_small,
          infiniplex_forest_clump_curved, infiniplex_forest_end_1,
          infiniplex_forest_end_3, infiniplex_forest_clump_cross,
          infiniplex_forest_end_3, infiniplex_forest_straight_3,
          chequers_serial_rivers_room_a
D:3:      layout_basic

Action                   || total
-------------------------++-------
Melee: Unarmed           ||    77
       Constrict         ||    15
       Tentacles         ||    15
       Kick              ||     4
       Punch             ||     5
 Cast: Beastly Appendage ||     3
       Spider Form       ||     1
  Use: Scroll            ||     5
 Stab: Sleeping          ||     5
Armor: Skin              ||     9
Dodge: Dodged            ||    46
Block: Other             ||     8

Table legend: (Time is in decaauts)
 A = Elapsed time spent in this place.
 B = Non-inter-level travel time spent in this place.
 C = Inter-level travel time spent in this place.
 D = Time resting spent in this place.
 E = Time spent auto-exploring this place.
 F = Levels seen in this place.
 G = Mean time per level.
                   A        B        C        D        E       F      G
               +--------+--------+--------+--------+--------+-----+--------+
         Total |   2658 |   2468 |    190 |      0 |   2172 |   3 |  886.0 |
       Dungeon |   2658 |   2468 |    190 |      0 |   2172 |   3 |  886.0 |
               +--------+--------+--------+--------+--------+-----+--------+

Top non-repeatable levels by time:
     D:2: 1173 daAuts
     D:1: 1103 daAuts
     D:3: 381 daAuts
